 Dungeon Crawl Stone Soup version 0.30-a0-860-g512cf1e979 (webtiles) character file.

Game seed: 6377672650045367187

173 bmack86 the Trooper (level 5, 0/48 HPs)
             Began as a Minotaur Fighter on Mar 8, 2023.
             Slain by Edmund
             ... wielding a +1 heavy flail
              (9 damage)
             ... on level 4 of the Dungeon.
             The game lasted 00:07:20 (2288 turns).

bmack86 the Trooper (Minotaur Fighter)              Turns: 2288, Time: 00:07:21

Health: 0/48       AC: 17    Str: 22    XL:     5   Next: 28%
Magic:  4/4        EV:  7    Int:  5    God:
Gold:   211        SH:  4    Dex: 10    Spells: 4/4 levels left

rFire   . . .      SeeInvis .    a - +0 war axe
rCold   . . .      Faith    .    c - +0 buckler
rNeg    . . .      Spirit   .    h - +0 shadow dragon scales
rPois   .          Reflect  .    (helmet restricted)
rElec   .          Rampage  .    (no cloak)
rCorr   .                        (no gloves)
Will    .....                    (no boots)
Stlth   ++                       (no amulet)
HPRegen 0.28/turn                n - +4 ring of protection
MPRegen 0.09/turn                (no ring)

@: studying Fighting
A: horns 2, retaliatory headbutt
a: no special abilities


You were on level 4 of the Dungeon.
You visited 1 branch of the dungeon, and saw 4 of its levels.

You collected 211 gold pieces.

Inventory:

Hand Weapons
 a - a +0 war axe (weapon)
Missiles
 g - 4 poisoned darts (quivered)
Armour
 b - a +0 scale mail
 c - a +0 buckler (worn)
 h - +0 shadow dragon scales (worn)
Jewellery
 n - a +4 ring of protection (left hand)
Wands
 k - a wand of light (5)
 l - a wand of paralysis (16)
Scrolls
 j - a scroll of fog
 m - 2 scrolls of teleportation
Potions
 d - a potion of might
 e - a potion of flight
 f - 3 potions of curing
 i - a potion of heal wounds {unknown}
 p - a potion of resistance {unknown}
 q - a potion of lignification {unknown}


   Skills:
 + Level 5.1 Fighting
 * Level 4.5 Axes
 + Level 1.3 Throwing
 + Level 4.3 Armour
 + Level 4.4 Shields


You had 4 spell levels left.
You didn't know any spells.
Your spell library was empty.

Dungeon Overview and Level Annotations

Branches:
Dungeon (4/15)
 Temple: D:4-7

Altars:

Annotations:
D:4 Edmund


Innate Abilities, Weirdness & Mutations

You have a pair of horns on your head.
You reflexively headbutt those who attack you in melee.


Message History

Edmund hits you but does no damage.
You barely miss Edmund.
Edmund is lightly wounded.
Edmund says, "Everyone always remembers my brother. 'Who's Edmund?' they ask!"
Edmund closely misses you.
You hit Edmund but do no damage. Your headbutt misses Edmund.
Edmund is lightly wounded.
Edmund hits you with a +1 heavy flail!
You hit Edmund. Your headbutt misses Edmund.
Edmund is lightly wounded.
Edmund hits you but does no damage.
You hit Edmund but do no damage. You headbutt Edmund, but do no damage.
Edmund is lightly wounded.
You block Edmund's attack.
You hit Edmund.
Edmund is moderately wounded.
Edmund hits you with a +1 heavy flail.
You closely miss Edmund. Your headbutt misses Edmund.
Edmund is moderately wounded.
You block Edmund's attack.
You hit Edmund. You headbutt Edmund.
Edmund is moderately wounded.
You hit Edmund.
Edmund is heavily wounded.
Edmund hits you with a +1 heavy flail!
* * * LOW HITPOINT WARNING * * *
You barely miss Edmund.
Edmund is heavily wounded.
Edmund hits you with a +1 heavy flail.
* * * LOW HITPOINT WARNING * * *
You hit Edmund but do no damage. Your headbutt misses Edmund.
Edmund is moderately wounded.
Edmund barely misses you.
You hit Edmund. You headbutt Edmund, but do no damage.
Edmund is heavily wounded.
Edmund barely misses you. You furiously retaliate!
You headbutt Edmund. You hit Edmund.
Edmund is heavily wounded.
Edmund hits you with a +1 heavy flail!
You die...

..###..........#
....... ..#
##.......#.# ..#
#.......#.#
#.........#
#.........#
###....##.#.#
#...#..##.#.#
#.)....##...####^####
#...##.#.....@@......
##..##.#.....######..
#..###.....### #.#
##...## .. #...# #.#
#...# .. #.#.# #.#..
.....#


You could see Edmund.

Vanquished Creatures
  A scorpion (D:4)
  An orc priest (D:4)
  2 adders
  A worm (D:2)
  2 dart slugs (D:3)
  4 orcs
  4 bats (D:3)
  3 endoplasms
  A giant cockroach (D:2)
  7 goblins
  4 hobgoblins
  5 jackals
  3 kobolds (D:1)
  2 quokkas (D:1)
  6 ball pythons
  2 frilled lizards (D:3)
  6 rats
54 creatures vanquished.

Notes
Turn   | Place    | Note
-------+----------+-------------------------------------------
     0 | D:1      | bmack86 the Minotaur Fighter began the quest for the Orb.
     0 | D:1      | Reached XP level 1. HP: 19/19 MP: 0/0
   318 | D:1      | Reached XP level 2. HP: 22/27 MP: 1/1
   892 | D:2      | Identified a scroll of acquirement
   892 | D:2      | Acquired a manual of Fighting
   949 | D:2      | Reached skill level 4 in Fighting
  1237 | D:2      | Reached XP level 3. HP: 33/33 MP: 2/2
  1608 | D:3      | Found a faded altar of an unknown god.
  2037 | D:4      | Noticed a scorpion
  2045 | D:4      | Killed a scorpion
  2046 | D:4      | Reached skill level 1 in Throwing
  2046 | D:4      | Reached XP level 4. HP: 41/41 MP: 3/3
  2112 | D:4      | Reached XP level 5. HP: 47/47 MP: 4/4
  2124 | D:4      | Reached skill level 5 in Fighting
  2265 | D:4      | Noticed Edmund
  2288 | D:4      | Slain by Edmund

Illustrated notes

Levels and vault maps discovered:
D:1:      scummos_arrival_hexagon, layout_loops_corners, minmay_pentomino_v4
D:2:      layout_rooms
D:3:      layout_basic, ebering_ecumenical_altar_ruins,
          kennysheep_generic_room_3
D:4:      layout_rooms, lemuel_tele_altar, uniq_edmund

Skill      XL: |  1  2  3  4  5 |
---------------+----------------+-----
Axes           | 3 4 |  4.5
Fighting       | 4 5 |  5.1
Armour         | 4 |  4.3
Shields        | 4 |  4.4
Throwing       | 1 |  1.3

Action                     |  1- 3 |  4- 6 || total
---------------------------+-------+-------++-------
  Melee: War axe           |    81 |    31 ||   112
         Headbutt          |    16 |     4 ||    20
  Throw: Dart              |     1 |     7 ||     8
    Use: Scroll            |     5 |     2 ||     7
   Stab: Sleeping          |     1 |     1 ||     2
 Armour: Scale mail        |     7 |       ||     7
         Shadow dragon sca |    46 |     7 ||    53
  Dodge: Dodged            |    38 |     5 ||    43
  Block: Buckler           |    25 |     5 ||    30

Table legend: (Time is in decaauts)
 A = Elapsed time spent in this place.
 B = Non-inter-level travel time spent in this place.
 C = Inter-level travel time spent in this place.
 D = Time resting spent in this place.
 E = Time spent auto-exploring this place.
 F = Levels seen in this place.
 G = Mean time per level.
                   A        B        C        D        E       F      G
               +--------+--------+--------+--------+--------+-----+--------+
         Total |   2326 |   2278 |     48 |      0 |   1453 |   4 |  581.5 |
       Dungeon |   2326 |   2278 |     48 |      0 |   1453 |   4 |  581.5 |
               +--------+--------+--------+--------+--------+-----+--------+

Top non-repeatable levels by time:
     D:1: 888 daAuts
     D:3: 694 daAuts
     D:2: 482 daAuts
     D:4: 261 daAuts
